[Event "*** Titled Tuesday Blitz"]
[Site "Chess.com"]
[Date "2020.12.29"]
[Round "4"]
[White "Carnivoras"]
[Black "ExtremeLearner"]
[Result "1-0"]
[WhiteElo "2607"]
[BlackElo "2360"]
[TimeControl "180+1"]
[EndTime "10:39:10 PST"]
[Termination "Carnivoras won on time"]

1. d4 Nf6 2. c4 c5 3. d5 b5 4. cxb5 a6 5. bxa6 g6 6. Nc3 Bg7 7. e4 O-O 8. Nf3 d6 9. Bb5 Bxa6 10. Bxa6 Nxa6 11. O-O Qa5 12. Bd2 Rfb8 13. Rb1 Nb4 14.
a3 Nd3 15. Qc2 c4 16. b3 Qxa3 17. bxc4 Nc5 18. e5 Ne8 19. Nb5 Qa2 20. Qxa2 Rxa2 21.
exd6 exd6 22. Bf4 Rd8 23. Rfe1 h6 24. Bg3 Rc2 25. Rbc1 Rxc1 26. Rxc1 g5 27. h4 g4 28. Nfd4 Bxd4 29. Nxd4 Nf6 30. Nc6 Rd7 31. Rb1 Nfe4 32.
Bf4 Kg7 33. Nd4 Nc3 34. Rb6 Nd3 35. Bxd6 Ra7 36. Nf5+ Kh7 37. Bg3 Ne2+ 38. Kh2 Ra1 39. Rxh6+ Kg8 40. Ne7+ Kf8 41. d6 Ke8 42. Nd5 Kd7 43.
Nb6+ Kc6 44. d7+ 1-0

[Event "*** Titled Tuesday Blitz"]
[Site "Chess.com"]
[Date "2020.12.29"]
[Round "4"]
[White "Agoking701"]
[Black "Titus369"]
[Result "1-0"]
[WhiteElo "2356"]
[BlackElo "2526"]
[TimeControl "180+1"]
[EndTime "10:39:10 PST"]
[Termination "Agoking701 won by checkmate"]

1. e4 c5 2. Nf3 d6 3. Bb5+ Nd7 4. O-O Nf6 5. Re1 a6 6. Bf1 e6 7. c3 b5 8. d4 cxd4 9. cxd4 Bb7 10. Bd3 Be7 11.
a4 b4 12. a5 d5 13. e5 Ne4 14.
Nbd2 Nxd2 15. Bxd2 O-O 16. h4 g6 17. Bh6 Re8 18. Qd2 Bxh4 19. Nxh4 Qxh4 20. Bc2 Rac8 21. g3 Qh3 22. Bd3 Nb8 23. Bf1 Qh5 24. Kg2 Nc6 25. Be2 Qf5 26. Bf3 b3 27. Rac1 g5 28.
Bxg5 Nxd4 29. Qxd4 Qxg5 30. Rxc8 Rxc8 31. Rh1 Bc6 32. Rh4 Kf8 33. Rxh7 Kg8 34. Rh5 Qg7 35. Qh4 Bb5 36. Rg5 Rc2 37. Rxg7+ Kxg7 38. Qg5+ Kf8 39.
Qd8+ Kg7 40. Qf6+ Kg8 41. Bh5 Rxb2 42. Bxf7+ Kh7 43. Qg6+ Kh8 44. Qh6# 1-0

[Event "*** Titled Tuesday Blitz"]
[Site "Chess.com"]
[Date "2020.12.29"]
[Round "4"]
[White "NateSolon"]
[Black "Pedrada88"]
[Result "1-0"]
[WhiteElo "2505"]
[BlackElo "2321"]
[TimeControl "180+1"]
[EndTime "10:39:10 PST"]
[Termination "NateSolon won on time"]

1. d4 Nf6 2. c4 b6 3. Nc3 Bb7 4.
d5 e6 5. a3 exd5 6. cxd5 Bd6 7. Nf3 O-O 8. g3 c6 9. Bg2 Nxd5 10. Nxd5 cxd5 11. O-O Na6 12. b4 Re8 13. Bb2 Be7 14. Nd4 Bf6 15. e3 Rc8 16. Qd2 g6 17. Nb5 d6 18. Nxa7 Bxb2 19. Qxb2 Rc4 20. Nb5 Nc7 21. Nd4 Ne6 22. Rfd1 Nxd4 23. Rxd4 Qf6 24. Rad1 Rec8 25. Qb3 Rxd4 26. Rxd4 Rc1+ 27. Rd1 Qa1 28. Bf3 Rxd1+ 29. Bxd1 d4 30. exd4 Qxd4 31. Bf3 Bxf3 32. Qxf3 d5 33.
Qb3 Qa1+ 34. Kg2 d4 35. Qd5 Qc3 36. Qd8+ Kg7 37. Qxb6 d3 38. Qe3 Qc6+ 39. Kg1 Qd5 40. Qd2 Qc4 41. Qe3 h5 42. h4 Qd5 43. Qd2 Qf3 44. b5 Kh7 45. b6 1-0

[Event "*** Titled Tuesday Blitz"]
[Site "Chess.com"]
[Date "2020.12.29"]
[Round "4"]
[White "Piacramling"]
[Black "kobemagic"]
[Result "1-0"]
[WhiteElo "2319"]
[BlackElo "2423"]
[TimeControl "180+1"]
[EndTime "10:39:10 PST"]
[Termination "Piacramling won by resignation"]

1. Nf3 Nf6 2. c4 g6 3. Nc3 Bg7 4. e4 d6 5. d4 O-O 6. h3 c5 7.
d5 e6 8. Bd3 exd5 9. cxd5 b5 10. O-O b4 11. Ne2 Ba6 12. Ng3 Bxd3 13. Qxd3 Re8 14.
Bf4 Qb6 15. Nd2 Bf8 16. Nc4 Qa6 17. Rfd1 Nbd7 18. a3 Nb6 19. Nxd6 Qxd3 20. Rxd3 Bxd6 21. Bxd6 bxa3 22. bxa3 Nxe4 23. Nxe4 Rxe4 24. Bxc5 Rc8 25. Bxb6 axb6 26. d6 Rd8 27. Rb1 Kg7 28. Rxb6 Re1+ 29. Kh2 Re2 30. Kg3 h5 31. d7 Re7 32. Rbd6 Re4 33. Rc6 h4+ 34. Kf3 Re7 35. Rc7 Kf6 36. a4 Re5 37. Ra7 Ke7 38. Re3 Rxe3+ 39. Kxe3 Kd6 40. a5 Kc6 41. Kd4 f6 42. Kc4 g5 43.
Kd4 Kd6 44. Ke4 Ke6 45. a6 Kd6 46. Kf5 Kc6 47. Kxf6 Kb6 48. Rb7+ Kxa6 49. Ke7 1-0

[Event "*** Titled Tuesday Blitz"]
[Site "Chess.com"]
[Date "2020.12.29"]
[Round "4"]
[White "Klavdia_Nik"]
[Black "ZverevLev"]
[Result "0-1"]
[WhiteElo "2071"]
[BlackElo "2393"]
[TimeControl "180+1"]
[EndTime "10:39:10 PST"]
[Termination "ZverevLev won on time"]

1. Nf3 d5 2. c4 e6 3. b3 Nf6 4.
Bb2 Be7 5. g3 O-O 6. Bg2 c6 7.
O-O Nbd7 8. d3 b6 9. Nbd2 Bb7 10. Qc2 Rc8 11. Rad1 Qc7 12. e4 e5 13. Nh4 d4 14.
Nf5 Bc5 15. a3 a5 16. h3 g6 17. Nh6+ Kg7 18. Ng4 Ne8 19. Bc1 h5 20. Nh2 Bd6 21.
Ndf3 f6 22. Qd2 Rh8 23. b4 axb4 24. axb4 Qd8 25. Nh4 Qe7 26. c5 bxc5 27. bxc5 Nxc5 28. f4 Ba6 29. Rf3 Rb8 30. f5 g5 31. Ng6 Qf7 32. Nxh8 Kxh8 33. h4 g4 34. Qh6+ Kg8 35. Rf2 Bxd3 36.
Qd2 Bxe4 0-1

[Event "*** Titled Tuesday Blitz"]
[Site "Chess.com"]
[Date "2020.12.29"]
[Round "4"]
[White "Chess_Boxer123"]
[Black "BrandonJacobson"]
[Result "0-1"]
[WhiteElo "2557"]
[BlackElo "2920"]
[TimeControl "180+1"]
[EndTime "10:39:11 PST"]
[Termination "BrandonJacobson won on time"]

1. e4 c5 2. Nf3 d6 3. d4 cxd4 4.
Nxd4 Nf6 5. Nc3 Nc6 6. Be2 e5 7. Nb3 Be7 8. O-O O-O 9. f4 a6 10. a3 b5 11. Be3 Bb7 12. Bf3 Rc8 13. Nd5 exf4 14. Bxf4 Ne5 15. Bxe5 dxe5 16. Kh1 Bxd5 17. exd5 e4 18. Bg4 Nxg4 19. Qxg4 Qxd5 20. Rad1 Qe5 21.
Nd4 h5 22. Qh3 g6 23. c3 a5 24. Rde1 b4 25. axb4 axb4 26. Qd7 Bd6 27. g3 bxc3 28.
bxc3 Rxc3 29. Nc6 Qc5 30. Nd8 Qd5 31. Nxf7 e3+ 32. Kg1 Rxf7 33. Rxf7 Qxf7 34. Qd8+ Bf8 35. Rf1 Qg7 36. Qd5+ Kh8 0-1

[Event "*** Titled Tuesday Blitz"]
[Site "Chess.com"]
[Date "2020.12.29"]
[Round "4"]
[White "elamier"]
[Black "ChampStan"]
[Result "1-0"]
[WhiteElo "2409"]
[BlackElo "2174"]
[TimeControl "180+1"]
[EndTime "10:39:11 PST"]
[Termination "elamier won on time"]

1. d4 Nf6 2. Bg5 c5 3. dxc5 e6 4. Nd2 Bxc5 5. e3 Be7 6. Ngf3 O-O 7. Bd3 Nc6 8. c3 d5 9. O-O e5 10. e4 dxe4 11. Nxe4 Bg4 12. Nxf6+ Bxf6 13. Bxf6 Qxf6 14. Be4 Qf4 15. Qc2 f5 16. Bd5+ Kh8 17. g3 Qh6 18. Bxc6 bxc6 19. Nxe5 Bh3 20. Rfe1 f4 21. Qd2 fxg3 22.
Re2 gxh2+ 23. Kh1 Qh5 24. f4 Rad8 25. Qe3 Be6 26. c4 Qf5 27. Rxh2 Kg8 28. Rf1 Rde8 29. b3 Bc8 30. Qc5 Rxe5 31. Qxe5 1-0

[Event "*** Titled Tuesday Blitz"]
[Site "Chess.com"]
[Date "2020.12.29"]
[Round "4"]
[White "ElGasanov"]
[Black "Kretov_Evgenij"]
[Result "1-0"]
[WhiteElo "2751"]
[BlackElo "2513"]
[TimeControl "180+1"]
[EndTime "10:39:12 PST"]
[Termination "ElGasanov won by resignation"]

1. Nf3 c5 2. c4 Nf6 3. Nc3 e6 4. e3 Be7 5. d4 cxd4 6. exd4 d5 7. c5 O-O 8. Bd3 b6 9. b4 bxc5 10. bxc5 Nc6 11. O-O Nb4 12. Bb1 Ba6 13. Re1 Qc7 14. Ne5 Nc6 15. Bf4 Nxe5 16. Bxe5 Qa5 17. Re3 g6 18.
Qf3 Nd7 19. Bc2 Nxe5 20. Rxe5 Rfe8 21. Rae1 Bb7 22. Ba4 Red8 23. g3 Rac8 24. h4 Qb4 25. Rb1 Qxd4 26. Rxb7 Qxe5 27. Rxe7 Rf8 28. c6 Rc7 29.
Rd7 d4 30. Ne4 f5 31. Nc5 Rb8 32. Bb3 Rxd7 33. Nxd7 Qe1+ 34. Kg2 Rc8 35. Nc5 Kh8 36. Bxe6 Rc7 37. Qd5 d3 38. Qd8+ Kg7 39. Qxc7+ Kh6 40. Nxd3 Qe4+ 41. Kg1 Qxd3 42. Qf4+ Kg7 43. Qe5+ Kh6 44. c7 Qd1+ 45. Kg2 1-0

[Event "*** Titled Tuesday Blitz"]
[Site "Chess.com"]
[Date "2020.12.29"]
[Round "4"]
[White "Skatchkov_V"]
[Black "GM_Crest"]
[Result "1-0"]
[WhiteElo "2511"]
[BlackElo "2675"]
[TimeControl "180+1"]
[EndTime "10:39:12 PST"]
[Termination "Skatchkov_V won by resignation"]

1. d4 d5 2. c4 e6 3. Nf3 c5 4.
cxd5 exd5 5. g3 Nc6 6. Bg2 Nf6 7.
O-O Be7 8. Nc3 O-O 9. dxc5 Bxc5 10. b3 a6 11. Bb2 Re8 12. Rc1 Ba7 13. Qd2 d4 14. Na4 Ne4 15. Qd3 h6 16. a3 Bf5 17. Nh4 Bh7 18. Qd1 Rc8 19. b4 Qe7 20. Nf3 b5 21. Nc5 Nxc5 22. bxc5 Bxc5 23. Nxd4 Nxd4 24. Bxd4 Bxa3 25. Rxc8 Rxc8 26. e3 a5 27. Bxg7 Kxg7 28. Qg4+ Bg6 29. Qxc8 b4 30. h4 b3 31. Qc3+ Kh7 32. Qxb3 Bb4 33. Bf3 h5 34. Qd5 Kh6 35. Rc1 a4 36. Rc6 a3 37. Bxh5 Kg7 38. Bxg6 fxg6 39.
Re6 Qa7 40. Qd4+ Kh7 41. Re8 Qxd4 42. exd4 Bc3 43. Ra8 Bxd4 44. Rxa3 1-0

[Event "*** Titled Tuesday Blitz"]
[Site "Chess.com"]
[Date "2020.12.29"]
[Round "4"]
[White "Karacsonyi_Gellert"]
[Black "Forantes"]
[Result "0-1"]
[WhiteElo "2593"]
[BlackElo "2393"]
[TimeControl "180+1"]
[EndTime "10:39:13 PST"]
[Termination "Forantes won by resignation"]

1. e4 c5 2. Nf3 Nc6 3. d4 cxd4 4.
Nxd4 e5 5. Nb5 a6 6. Nd6+ Bxd6 7. Qxd6 Qf6 8. Qd1 Qg6 9. Nc3 d5 10. exd5 Nd4 11. Bd3 Qxg2 12. Be4 Qh3 13. Qd3 Nf6 14. Be3 Nxe4 15. Qxe4 Nf3+ 16. Kd1 Bg4 17. Kc1 f5 18. Qa4+ b5 19. Nxb5 O-O 20. Nc7 Rac8 21. d6 f4 22. Bb6 Kh8 23. b3 Qh4 24. Kb2 Qf6 25.
Rad1 e4+ 26. Bd4 Nxd4 27. Qxd4 Bxd1 28. Rxd1 Rcd8 29. Qxf6 Rxf6 30. Rd4 e3 31. fxe3 f3 32. Rd1 f2 33. Rf1 Rf3 34. Nxa6 Rxd6 35. Nc5 Rg6 36. Nd3 Rg2 37. a4 g5 38. a5 Rxh2 39. a6 Rh6 40.
a7 Ra6 41. Rxf2 Rxf2 42. Nxf2 h5 43. b4 g4 44. c4 g3 45. Nh3 Rxa7 46. b5 g2 47. b6 Ra6 48. c5 Ra5 49. Kc3 Rxc5+ 50. Kb4 Rc1 51. Ka5 g1=Q 0-1

[Event "*** Titled Tuesday Blitz"]
[Site "Chess.com"]
[Date "2020.12.29"]
[Round "4"]
[White "Matols"]
[Black "Kopytkin"]
[Result "0-1"]
[WhiteElo "2267"]
[BlackElo "2373"]
[TimeControl "180+1"]
[EndTime "10:39:13 PST"]
[Termination "Kopytkin won by resignation"]

1. d4 Nf6 2. c4 g6 3. Nf3 Bg7 4. g3 O-O 5. Bg2 c6 6. O-O d5 7. b3 e6 8. Nc3 Re8 9. Bb2 Nbd7 10. Qc2 Nb6 11. Ne5 Nfd7 12. Nxd7 Bxd7 13. c5 Nc8 14. e3 e5 15. dxe5 Bxe5 16. Ne2 Qf6 17. Nd4 Ne7 18. b4 Nf5 19. Rad1 h5 20. Nxf5 Bxf5 21.
e4 Bxb2 22. exf5 g5 23. Rfe1 Bc3 24. Rxe8+ Rxe8 25. a3 Kg7 26. h3 h4 27. Kh2 Be5 28. Qd3 a6 29. Kh1 Bc7 30. Rg1 hxg3 31. fxg3 Qe5 32. Bf3 Qe3 33. Qd1 f6 34. a4 Qf2 35.
Bxd5 Bxg3 36. Bg2 Re7 37. Qd8 Qe3 38. Qd1 Bc7 39. Qh5 Qe5 40. Qg6+ Kf8 41. Qh6+ Kg8 42.
Qg6+ Rg7 43. Bd5+ cxd5 0-1

[Event "*** Titled Tuesday Blitz"]
[Site "Chess.com"]
[Date "2020.12.29"]
[Round "4"]
[White "Semen_Khanin"]
[Black "BogdanDeac"]
[Result "0-1"]
[WhiteElo "2796"]
[BlackElo "3012"]
[TimeControl "180+1"]
[EndTime "10:39:15 PST"]
[Termination "BogdanDeac won on time"]

1. e4 e5 2. Nf3 Nc6 3. Bb5 Nf6 4. d3 Bc5 5. c3 d5 6. exd5 Qxd5 7. Ba4 Bf5 8. O-O O-O 9. Bxc6 bxc6 10. Nxe5 Qxe5 11. d4 Qd5 12. dxc5 Qxc5 13. Be3 Qb5 14. b3 Rfd8 15. Nd2 Qd3 16. Qf3 Nd5 17. Nc4 Be4 18. Qg4 Nxc3 19. Rae1 Bf5 20. Qh5 Rd5 21. Bf4 Bg6 22. Qg4 h5 23.
Qh4 Rd4 24. Ne5 Ne2+ 25. Kh1 Qc2 26. Nxg6 fxg6 27. Qe7 Nxf4 28. Rc1 Qe4 29. Qg5 Ne6 30. Qg3 c5 31. Rfe1 Qf5 32. Re5 Qf4 33. Rce1 Qxg3 34.
hxg3 Nf8 35. Rxc5 Rd7 36. Rec1 Rd2 37. Rxc7 Rxa2 0-1

[Event "*** Titled Tuesday Blitz"]
[Site "Chess.com"]
[Date "2020.12.29"]
[Round "4"]
[White "leejunhyeok"]
[Black "karinachess1"]
[Result "1-0"]
[WhiteElo "2715"]
[BlackElo "2497"]
[TimeControl "180+1"]
[EndTime "10:39:15 PST"]
[Termination "leejunhyeok won on time"]

1. e4 c5 2. Nf3 Nc6 3. d4 cxd4 4.
Nxd4 Qb6 5. Nb3 Nf6 6. Nc3 e6 7.
Bd3 a6 8. Be3 Qc7 9. f4 d6 10.
g4 Be7 11. g5 Nd7 12. Qd2 b5 13. O-O-O Bb7 14. Kb1 Nc5 15. Nxc5 dxc5 16. e5 c4 17. Be4 Rd8 18. Qf2 Rxd1+ 19. Rxd1 O-O 20. Bb6 Qc8 21. h4 Nb4 22. Bxb7 Qxb7 23. a3 Nc6 24. h5 Rb8 25. Bc5 b4 26. axb4 Nxb4 27. Bxe7 Qxe7 28. Qd4 Qc7 29.
Qd6 Qc8 30. h6 Qf8 31. Qxf8+ Kxf8 32. Rd7 a5 33. Rc7 Nd5 34. Nxd5 exd5 35. hxg7+ Kxg7 36. e6 Rf8 37. f5 h6 38. e7 Re8 39. f6+ Kg6 40. Rd7 hxg5 41. Rd8 Kxf6 42. Rxe8 1-0

[Event "*** Titled Tuesday Blitz"]
[Site "Chess.com"]
[Date "2020.12.29"]
[Round "4"]
[White "Euge_chess"]
[Black "MaxLeto"]
[Result "0-1"]
[WhiteElo "2074"]
[BlackElo "2394"]
[TimeControl "180+1"]
[EndTime "10:39:15 PST"]
[Termination "MaxLeto won on time"]

1. e4 c5 2. c3 Nf6 3. e5 Nd5 4. g3 d6 5. exd6 Qxd6 6. Bg2 Nc6 7. Nf3 Bg4 8. O-O e5 9. Qa4 Bd7 10. Qb3 Nb6 11. Na3 Be6 12. Qc2 Be7 13. Re1 a6 14. d4 cxd4 15. cxd4 exd4 16. Bf4 Qd7 17. Ne5 Nxe5 18.
Bxe5 O-O 19. Rad1 Rac8 20. Qe4 Bc5 21. Qxb7 Qxb7 22. Bxb7 Rce8 23. Bxa6 Bxa2 24. Bb5 Re6 25. Nc2 Bb3 26. Bd3 Rfe8 27. Bf5 Rxe5 28. Rxe5 Rxe5 29. Bd3 g6 30. f4 Re8 31. Kg2 Re7 32.
Kf3 Kg7 33. Rc1 Bxc2 34. Rxc2 Re3+ 35. Kf2 Nd7 36. Bb5 d3 0-1

[Event "*** Titled Tuesday Blitz"]
[Site "Chess.com"]
[Date "2020.12.29"]
[Round "4"]
[White "MVM2008"]
[Black "MustafaY"]
[Result "1-0"]
[WhiteElo "2200"]
[BlackElo "2338"]
[TimeControl "180+1"]
[EndTime "10:39:15 PST"]
[Termination "MVM2008 won on time"]

1. b3 g6 2. Bb2 Nf6 3. Bxf6 exf6 4. g3 f5 5. Nc3 Bg7 6. Bg2 O-O 7. Nf3 Nc6 8. O-O d5 9. d4 Be6 10. h4 h6 11. e3 a6 12. Na4 b6 13. Rc1 Ne7 14. c4 Bd7 15. Nc3 dxc4 16. bxc4 Rb8 17. e4 fxe4 18. Nxe4 Nf5 19. Ne5 Re8 20. f4 Bxe5 21.
fxe5 Kg7 22. Qf3 h5 23. Nf6 Re7 24. Qf4 c5 25. Qg5 Be6 26. d5 Bc8 27. Nxh5+ Kh7 28.
Nf6+ Kg7 29. d6 Re8 30. Nxe8+ Qxe8 31. Qf6+ Kg8 32. Bd5 Be6 33. h5 Qd8 34. hxg6 Qxf6 35. exf6 Bxd5 36. cxd5 1-0

[Event "*** Titled Tuesday Blitz"]
[Site "Chess.com"]
[Date "2020.12.29"]
[Round "4"]
[White "Babujj"]
[Black "PSvidler"]
[Result "0-1"]
[WhiteElo "2531"]
[BlackElo "2823"]
[TimeControl "180+1"]
[EndTime "10:39:16 PST"]
[Termination "PSvidler won by resignation"]

1. e4 c5 2. c3 Nf6 3. e5 Nd5 4. d4 cxd4 5. Nf3 e6 6. cxd4 b6 7. Bd3 Ba6 8. O-O Be7 9. Nc3 Nxc3 10. bxc3 Bxd3 11. Qxd3 d6 12. Bf4 Nc6 13. Rad1 d5 14.
Rfe1 Rc8 15. Rc1 O-O 16. Nd2 Qd7 17. Re3 f5 18. exf6 Bxf6 19. Rh3 h6 20. Be3 e5 21. dxe5 Nxe5 22. Qf1 Ng4 23. Nb3 Nxe3 24. Rxe3 Bg5 25. Rd3 Bxc1 26. Qxc1 Qf5 27. Qd2 Rce8 28. h3 Qe4 29.
Rxd5 Qe1+ 30. Qxe1 Rxe1+ 31. Kh2 Rxf2 32. Rd8+ Kh7 33.
Rd7 Ree2 34. Kg3 Rxg2+ 35. Kf3 Ref2+ 36. Ke3 Rxa2 37. Nd4 Rg3+ 38. Kf4 Rxc3 39. Ne6 Ra4+ 40. Ke5 Re3+ 41. Kf5 Rg3 42. h4 Rxh4 43. Nf8+ Kg8 44. Ne6 Rh5+ 45. Kf4 Rg1 46. Rxa7 b5 47. Rb7 b4 48. Ke4 b3 49. Rxb3 Rg4+ 50. Nf4 Rhh4 51. Rb8+ Kh7 52. Ke3 Rxf4 53. Rb6 Rb4 54. Kf3 Rxb6 0-1

[Event "*** Titled Tuesday Blitz"]
[Site "Chess.com"]
[Date "2020.12.29"]
[Round "4"]
[White "Caisachess"]
[Black "KaterinaMiroshnik"]
[Result "1-0"]
[WhiteElo "2365"]
[BlackElo "2530"]
[TimeControl "180+1"]
[EndTime "10:39:16 PST"]
[Termination "Caisachess won by checkmate"]

1. e4 e6 2. d4 d5 3. Bd3 Nf6 4. e5 Nfd7 5. f4 c5 6. c3 Nc6 7. Nf3 f5 8. exf6 Nxf6 9. O-O Bd6 10. a3 O-O 11. b4 cxd4 12. Nxd4 Nxd4 13. cxd4 a5 14. b5 Qb6 15. Be3 Bd7 16. a4 Rac8 17.
Nd2 Qd8 18. Nf3 Qe7 19. Ne5 Be8 20. Qd2 Bb4 21. Qe2 b6 22. Rac1 Bd7 23. Bf2 Rfd8 24. Bh4 Qf8 25. Nc6 Re8 26. Ne5 Qd6 27. Bxf6 gxf6 28.
Bxh7+ Kf8 29. Ng6+ Kg7 30. Qg4 e5 31. f5 Rxc1 32.
Nxe5+ Kf8 33. Ng6+ Kg7 34. Ne5+ Kf8 35. Ng6+ Kf7 36. Rxc1 Bd2 37. Rf1 Bg5 38. h4 Re4 39. Qh5 Kg7 40. hxg5 Qg3 41. Qh6+ Kf7 42. Qf8# 1-0

[Event "*** Titled Tuesday Blitz"]
[Site "Chess.com"]
[Date "2020.12.29"]
[Round "4"]
[White "1f3_2g41-0"]
[Black "Olga_Ustinova"]
[Result "1-0"]
[WhiteElo "2431"]
[BlackElo "2238"]
[TimeControl "180+1"]
[EndTime "10:39:16 PST"]
[Termination "1f3_2g41-0 won by resignation"]

1. e4 c5 2. Nf3 Nc6 3. Bb5 g6 4. O-O Bg7 5. c3 d6 6. d4 cxd4 7.
cxd4 Bd7 8. Nc3 a6 9. Bc4 Nf6 10. a4 O-O 11. Re1 Rb8 12. e5 dxe5 13. dxe5 Ne8 14.
Bf4 Bg4 15. e6 Qxd1 16. Raxd1 Rc8 17. exf7+ Kh8 18. fxe8=Q Rfxe8 19. Ng5 h6 20. Nf7+ Kh7 21. Rd7 e5 22. Rxb7 exf4 23. Rxe8 Rxe8 24. h3 Be6 25. Bxe6 Rxe6 26. Nd5 g5 27. Rb6 Nd4 28. Rxe6 Nxe6 29.
b4 Bd4 30. b5 axb5 31. axb5 Kg6 32. Nd6 Be5 33. Nc4 Bb8 34. Ne7+ Kf7 35. Nc6 Bc7 36.
b6 Bxb6 37. Nxb6 Kg6 38. Nc4 Kf6 39. Kf1 h5 40. N6e5 Nd4 41. f3 Kf5 42. Kf2 Nc2 43. Nf7 Nd4 44. Nfd6+ Ke6 45. Ne4 Kf5 46. Ncd6+ Kg6 47.
Ne8 Nc6 48. N8f6 Ne5 49. Nd5 Kf5 50. Ne7+ Ke6 51. Ng8 Kf5 52. Ngf6 Nd3+ 53. Ke2 Ne5 54. Nxh5 Kg6 55. Nhf6 Kf5 56. Nh7 Nf7 57. Nhxg5 Nxg5 58. Nxg5 Kxg5 59. Kd3 Kh4 60. Ke4 Kg3 61. h4 Kxh4 62. Kxf4 1-0

[Event "*** Titled Tuesday Blitz"]
[Site "Chess.com"]
[Date "2020.12.29"]
[Round "4"]
[White "QuintilianoR"]
[Black "No_t_ime_to_die"]
[Result "1-0"]
[WhiteElo "2664"]
[BlackElo "2474"]
[TimeControl "180+1"]
[EndTime "10:39:17 PST"]
[Termination "QuintilianoR won by resignation"]

1. d4 Nf6 2. c4 e6 3. Nf3 d5 4. Nc3 Bb4 5. Bg5 dxc4 6. e4 c5 7. e5 cxd4 8. Nxd4 h6 9. Bh4 g5 10. exf6 Bxc3+ 11. bxc3 gxh4 12. Qf3 e5 13. Bxc4 exd4 14.
O-O-O Nc6 15. Rhe1+ Kf8 16. Qf4 Be6 17. Bxe6 fxe6 18.
Rxe6 Kf7 19. Re7+ Nxe7 20. fxe7+ Kxe7 21. Qe5+ Kf7 22. Rxd4 Qg5+ 23. Rf4+ Kg6 24. Qe6+ Kh7 25. Qf7+ Qg7 26. Qf5+ Qg6 27. Qd7+ Kg8 28. Rg4 Qxg4 29. Qxg4+ Kh7 30. Qe4+ Kg7 31. Qxb7+ Kg6 32. Qc6+ Kg7 33. Qd7+ Kg6 34. Qg4+ Kh7 35. Qe4+ Kg7 36. Qxh4 Rhf8 37. Qd4+ Kg6 38. f4 a5 39. g4 a4 40. h4 Rfd8 41. f5+ Kf7 42. Qb6 Rac8 43. Qe6+ Kf8 44. Qxh6+ Ke7 45. Qe6+ Kf8 46. Qf6+ Ke8 47. h5 Rd7 48. h6 Rdc7 49. Kc2 Rc6 50. Qh8+ Kf7 51. Qg7+ Ke8 52. h7 1-0

[Event "*** Titled Tuesday Blitz"]
[Site "Chess.com"]
[Date "2020.12.29"]
[Round "4"]
[White "Makswolf200817"]
[Black "rachidhuilda"]
[Result "1-0"]
[WhiteElo "2430"]
[BlackElo "2225"]
[TimeControl "180+1"]
[EndTime "10:39:17 PST"]
[Termination "Makswolf200817 won on time"]

1. d4 Nf6 2. c4 c5 3. d5 b5 4.
cxb5 a6 5. bxa6 g6 6. b3 Bg7 7. Bb2 O-O 8. g3 Bxa6 9. Bg2 d6 10.
Nf3 Nbd7 11. O-O Nb6 12. Ne1 Bb7 13. e4 Ba6 14. Nd3 c4 15. bxc4 Nxc4 16. Bd4 Nd7 17.
Bxg7 Kxg7 18. Nb4 Qb6 19. Nxa6 Rxa6 20. Nc3 Rfa8 21. Rb1 Qc5 22. Rb5 Qa7 23. Kh1 Nf6 24. Qd3 Rc8 25. Rb4 Ne5 26. Qd2 Nc4 27. Qe2 Ne5 28.
Nb5 Qc5 29. Rb3 Rb6 30. Rc3 Qxc3 31. Nxc3 Rxc3 32. f4 Nd3 33. e5 Nd7 34. e6 Nf6 35. exf7 Kxf7 36. Qe6+ Kf8 37. f5 g5 38. h4 Ng4 39. f6 Ndf2+ 40. Kg1 exf6 41. hxg5 fxg5 42.
Qxg4 1-0

[Event "*** Titled Tuesday Blitz"]
[Site "Chess.com"]
[Date "2020.12.29"]
[Round "4"]
[White "dropstoneDP"]
[Black "gmcorrales"]
[Result "0-1"]
[WhiteElo "2943"]
[BlackElo "2787"]
[TimeControl "180+1"]
[EndTime "10:39:18 PST"]
[Termination "gmcorrales won by resignation"]

1. d4 Nf6 2. c4 g6 3. Nc3 d5 4.
h4 dxc4 5. e4 c5 6. d5 a6 7. e5 Ng4 8. e6 fxe6 9. Qxg4 exd5 10. Qf3 e6 11. h5 g5 12. h6 Be7 13.
Nh3 Kd7 14. Nxd5 exd5 15. Qxd5+ Kc7 16. Qxd8+ Bxd8 17. Bxg5 Bxg5 18. Nxg5 b5 19. O-O-O Nc6 20. Rd5 Kb6 21. Rd6 Bf5 22. Be2 Kc7 23. Rxc6+ Kxc6 24. Bf3+ Kc7 25. Bxa8 Rxa8 26. Re1 Rf8 27. Re5 Kd6 28.
f4 b4 29. Kd2 a5 30. g4 Bxg4 31. Ne4+ Kc6 32. Rxc5+ Kb6 33. Ke3 Bf5 34. Rxc4 Re8 35. Kf3 Be6 36. Rd4 Bxa2 37. Nf6 Re7 38. Re4 Rf7 39. Ne8 Bd5 40. Nd6 Rd7 41. Ke3 Rxd6 42. Re5 Kc6 43. f5 Rxh6 44. Kf4 a4 45. Kg5 Rh1 46. f6 a3 47. bxa3 bxa3 0-1

[Event "*** Titled Tuesday Blitz"]
[Site "Chess.com"]
[Date "2020.12.29"]
[Round "4"]
[White "lavr92"]
[Black "ExcitingTrap"]
[Result "1-0"]
[WhiteElo "2605"]
[BlackElo "2347"]
[TimeControl "180+1"]
[EndTime "10:39:18 PST"]
[Termination "lavr92 won on time"]

1. d4 Nf6 2. c4 g6 3. Nc3 Bg7 4. e4 d6 5. Nf3 O-O 6. Be2 e5 7. O-O Nc6 8. d5 Ne7 9. Ne1 Nd7 10. Be3 f5 11. f3 a5 12. Nd3 b6 13. a3 Ba6 14. b3 Nc5 15. Nf2 f4 16. Bd2 a4 17.
Nxa4 Nxa4 18. bxa4 h5 19. Rc1 Bc8 20. a5 g5 21. axb6 cxb6 22. Qb3 Bd7 23. Rb1 Nc8 24. Ra1 Ba4 25. Qb2 Rf7 26. Bd1 Rfa7 27. Bxa4 Rxa4 28. Bb4 Qc7 29. Qb3 Bf6 30. Nd1 R4a6 31. Nc3 Qd7 32. a4 Bd8 33. Nb5 Bc7 34. Ra2 Na7 35. Nc3 Nc8 36.
g3 fxg3 37. hxg3 Qh3 38. Rg2 Bd8 39. Qd1 R8a7 40. Nb5 Rg7 41. Nxd6 Nxd6 42. Bxd6 h4 43. Bxe5 Rg6 44. g4 Be7 45. d6 1-0

[Event "*** Titled Tuesday Blitz"]
[Site "Chess.com"]
[Date "2020.12.29"]
[Round "4"]
[White "Alekseyviktorovich"]
[Black "kinga2008"]
[Result "0-1"]
[WhiteElo "2311"]
[BlackElo "2173"]
[TimeControl "180+1"]
[EndTime "10:39:18 PST"]
[Termination "kinga2008 won on time"]

1. e4 g6 2. d4 Bg7 3. Nc3 d6 4. Nge2 e5 5. Be3 exd4 6. Bxd4 Nf6 7. Nd5 O-O 8. Nxf6+ Bxf6 9. Qd3 Nc6 10. Bxf6 Qxf6 11.
Nc3 Nb4 12. Qd2 Be6 13. Be2 Rfe8 14. O-O Bd7 15. f4 Bc6 16. Bf3 Re7 17. a3 Na6 18. b4 b5 19. Rad1 Rae8 20. Nd5 Bxd5 21. Qxd5 Qc3 22. Qxb5 Qxa3 23. Ra1 Qe3+ 24. Kh1 Nb8 25. Qg5 Nd7 26. Rae1 Qc3 27. Qb5 Nf6 28. Qb7 c5 29. Qa6 Qxb4 30. Qxd6 Nxe4 31. Bxe4 Rxe4 32. Rxe4 Rxe4 33.
f5 Re1 34. Qd8+ Kg7 35. f6+ Kh6 36. Qf8+ Kh5 37. g4+ Kxg4 38. Qc8+ Kh5 0-1

[Event "*** Titled Tuesday Blitz"]
[Site "Chess.com"]
[Date "2020.12.29"]
[Round "4"]
[White "MPGM"]
[Black "GMBenjaminBok"]
[Result "1-0"]
[WhiteElo "2714"]
[BlackElo "2873"]
[TimeControl "180+1"]
[EndTime "10:39:19 PST"]
[Termination "MPGM won on time"]

1. d4 d5 2. c4 c6 3. Nf3 Nf6 4. g3 dxc4 5. Bg2 g6 6. O-O Bg7 7. Ne5 Ng4 8. Nf3 O-O 9. Qc2 b5 10. Rd1 Bb7 11. e4 Nf6 12. Nc3 Nbd7 13. b3 cxb3 14.
Qxb3 a6 15. a4 Qb6 16. a5 Qa7 17. Ba3 Rfe8 18. e5 Nd5 19. Nxd5 cxd5 20. e6 fxe6 21. Qe3 e5 22. Bh3 e6 23. Ng5 Bh6 24. f4 Bxg5 25. fxg5 Rac8 26. Qf2 Rc4 27. Bb2 Qb8 28. Rf1 Re7 29.
Ba3 b4 30. Bb2 e4 31. Bc1 Qf8 32. Bf4 Qc8 33. Rac1 b3 34. Rxc4 dxc4 35. Bd6 Qe8 36. Bxe7 Qxe7 37. Qe2 Bd5 38. Qe3 Qb4 39. Qf2 Qe7 40.
Qe3 Kg7 41. Bg2 e5 42. Bxe4 1-0